 Dungeon Crawl Stone Soup version 0.27-a0-1291-geefcff550b (webtiles) character file.

Game seed: 12278767445743155391

13 bilbop the Bolt Thrower (level 2, 0/18 HPs)
             Began as a Kobold Hunter on June 16, 2021.
             Slain by a jackal (1 damage)
             ... on level 1 of the Dungeon.
             The game lasted 00:02:24 (270 turns).

bilbop the Bolt Thrower (Kobold Hunter)              Turns: 270, Time: 00:02:25

Health: 0/18       AC:  4    Str:  9    XL:     2   Next: 50%
Magic:  2/2        EV: 14    Int: 12    God:
Gold:   7          SH:  0    Dex: 15    Spells: 1/1 levels left

rFire    . . .     SeeInvis .   b - +0 short sword
rCold    . . .     Faith    .   (shield restricted)
rNeg     . . .     Spirit   .   c - +0 leather armour
rPois    .         Reflect  .   (no helmet)
rElec    .         Harm     .   f - +0 cloak
rCorr    .         Rampage  .   (no gloves)
Will     .....                  (no boots)
Stlth    ++........             (no amulet)
HPRegen  0.06/turn              (no ring)
MPRegen  0.08/turn              (no ring)

@: very slow
A: small, no large weapons, nightstalker 3
a: no special abilities


You were on level 1 of the Dungeon.
You visited 1 branch of the dungeon, and saw 1 of its levels.

You collected 7 gold pieces.

Inventory:

Hand Weapons
 a - a +1 hand crossbow
 b - a +0 short sword (weapon)
Missiles
 d - 16 bolts
Armour
 c - a +0 leather armour (worn)
 f - a +0 cloak (worn)
Potions
 e - a potion of haste {unknown}


   Skills:
 * Level 2.5 Fighting
 + Level 0.8 Short Blades
 + Level 4.9 Crossbows
 + Level 2.6 Dodging
 + Level 1.9 Stealth


You had one spell level left.
You didn't know any spells.
Your spell library was empty.

Dungeon Overview and Level Annotations

Branches:
Dungeon (1/15)

Altars:

Portals:
Abyss: D:1


Innate Abilities, Weirdness & Mutations

You are small and have problems with some larger weapons.
You are completely attuned to the shadows.


Message History

The jackal bites you but does no damage.
The giant cockroach bites you but does no damage.
Your unstable footing causes you to fumble your attack.
The jackal barely misses you. x2; The giant cockroach closely misses you.
You hit the giant cockroach.
You kill the giant cockroach!
The jackal closely misses you. The jackal misses you.
The jackal bites you but does no damage.
The jackal misses you.
You see here a giant cockroach corpse.
You hit the jackal.
The jackal is almost dead.
The jackal barely misses you. x2; The jackal closely misses you.
Your unstable footing causes you to fumble your attack.
The jackal bites you but does no damage. x2
Your unstable footing causes you to fumble your attack.
The jackal bites you.
* * * LOW HITPOINT WARNING * * *
The jackal bites you.
* * * LOW HITPOINT WARNING * * *
The jackal barely misses you. The jackal closely misses you.
You barely miss the jackal.
The jackal is almost dead.
The jackal misses you. The jackal closely misses you.
You hit the jackal.
You kill the jackal!
The jackal closely misses you. The jackal completely misses you.
Your unstable footing causes you to fumble your attack.
The jackal closely misses you. The rat barely misses you.
Your unstable footing causes you to fumble your attack.
The jackal barely misses you.
The rat splashes around in the water.
The jackal bites you but does no damage.
You closely miss the jackal.
The jackal bites you but does no damage.
The rat barely misses you.
You barely miss the rat. The jackal closely misses you.
The rat bites you but does no damage. The jackal bites you.
* * * LOW HITPOINT WARNING * * *
You hit the jackal but do no damage. The jackal bites you.
You die...

......#.##### ###
#####.#.###.# #
...##...........#####
#..............#....
#..............#####
#....###.#.###.# #
#....♣ ♣♣♣.###.#####
#...♣♣ ♣♣♣........
#.h@♣ ≈≈≈♣#.#####
#)r♣≈PP≈ ≈≈≈≈)......
#≈≈♣≈≈P≈P ..≈....####
..♣≈ r≈...
....†....). #...
..... .......#### #..
.(.( ..≈≈P≈♣P≈
≈≈≈≈PP≈≈≈♣ ≈≈≈≈≈≈P≈≈≈


You could see a jackal and a rat.

Vanquished Creatures
  A bat (D:1)
  3 giant cockroaches (D:1)
  2 goblins (D:1)
  2 jackals (D:1)
  A frilled lizard (D:1)
  A kobold (D:1)
  A rat (D:1)
11 creatures vanquished.

Vanquished Creatures (others)
  2 plants (D:1)
2 creatures vanquished.

Grand Total: 13 creatures vanquished

Notes
Turn   | Place    | Note
-------+----------+-------------------------------------------
     0 | D:1      | bilbop the Kobold Hunter began the quest for the Orb.
     0 | D:1      | Reached XP level 1. HP: 12/12 MP: 1/1
    23 | D:1      | Found a one-way gate to the infinite horrors of the Abyss.
   190 | D:1      | Reached XP level 2. HP: 18/18 MP: 2/2
   270 | D:1      | Slain by a jackal

Illustrated notes

Levels and vault maps discovered:
D:1:      minmay_arrival_glassed_features, layout_basic, serial_bayou_ford_a,
          minmay_tree_intersection

Action                   || total
-------------------------++-------
Melee: Short sword       ||    50
 Fire: Hand crossbow     ||    13
Armor: Leather armour    ||    22
Dodge: Dodged            ||    93

Table legend: (Time is in decaauts)
 A = Elapsed time spent in this place.
 B = Non-inter-level travel time spent in this place.
 C = Inter-level travel time spent in this place.
 D = Time resting spent in this place.
 E = Time spent auto-exploring this place.
 F = Levels seen in this place.
 G = Mean time per level.
                   A        B        C        D        E       F      G
               +--------+--------+--------+--------+--------+-----+--------+
         Total |    276 |    272 |      4 |      0 |    171 |   1 |  276.0 |
       Dungeon |    276 |    272 |      4 |      0 |    171 |   1 |  276.0 |
               +--------+--------+--------+--------+--------+-----+--------+

Top non-repeatable levels by time:
     D:1: 276 daAuts
